 Dungeon Crawl Stone Soup version 0.30-a0-170-g85af917532 (webtiles) character file.

Game seed: 11783504998401324119

28 blackman the Twirler (level 3, 0/36 (39) HPs)
             Began as a Human Wanderer on Sept 30, 2022.
             Frozen to death by an endoplasm (5 damage)
             ... on level 2 of the Dungeon.
             The game lasted 00:01:52 (832 turns).

blackman the Twirler (Human Wanderer)                Turns: 832, Time: 00:01:53

HP:   0/36 (39)     AC: 21    Str: 17 (20) XL:     3   Next: 30%
MP:   4/4           EV:  2    Int:  7 (9)  God:
Gold: 74            SH:  0    Dex:  6 (9)  Spells: 4/4 levels left

rFire   . . .      SeeInvis .    a - +2 quarterstaff
rCold   . . .      Faith    .    (shield currently unavailable)
rNeg    . . .      Spirit   .    (body armour currently unavailable)
rPois   +          Reflect  .    (helmet currently unavailable)
rElec   .          Harm     .    (cloak currently unavailable)
rCorr   .          Rampage  .    (gloves currently unavailable)
Will    .....      NoTele   +    (boots currently unavailable)
Stlth   +.........               j - amulet of regeneration
HPRegen 0.92/turn                (no ring)
MPRegen 0.09/turn                (no ring)

@: brilliant, tree-form (expiring), hasted and slowed, drained
A: stationary, stasis, torment immunity, boosted hp, screaming 1
a: no special abilities


You were on level 2 of the Dungeon.
You were a tree.
You visited 1 branch of the dungeon, and saw 2 of its levels.

You collected 74 gold pieces.

Inventory:

Hand Weapons
 a - a +2 quarterstaff (weapon)
 d - a +0 dagger
Missiles
 c - 13 poisoned darts (quivered)
Armour
 f - a +0 leather armour
 h - a +1 pair of gloves (melded)
 i - a +0 scale mail (melded)
Jewellery
 j - an amulet of regeneration (around neck)
Scrolls
 n - a scroll of identify {unknown}
 o - a scroll of enchant armour {unknown}
 p - a scroll of vulnerability {unknown}
 r - a scroll of blinking {unknown}
Potions
 b - a potion of attraction


   Skills:
 - Level 1.0 Fighting
 * Level 2.7(3.7) Maces & Flails
 - Level 4.0(4.4) Staves
 - Level 1.0 Throwing
 - Level 3.0 Unarmed Combat
 - Level 1.0 Spellcasting


You had 4 spell levels left.
You didn't know any spells.
Your spell library was empty.

Dungeon Overview and Level Annotations

Branches:
Dungeon (2/15)

Altars:

Annotations:
D:2 Jessica


Innate Abilities, Weirdness & Mutations

You are a tree.
Your roots penetrate the ground, keeping you stationary.
You cannot be teleported.
You are immune to unholy pain and torment.
Your maximum health is greatly increased.
Your equipment is partially melded.
You occasionally shout uncontrollably at your foes.


Message History

* * * LOW HITPOINT WARNING * * *
Jessica zaps a wand.
The puff of flame hits you but does no damage.
It was a potion of brilliance.
You feel clever all of a sudden. The adder bites you but does no damage.
The endoplasm hits you but does no damage.
Jessica hits you but does no damage.
You feel drained. The bat hits you but does no damage.
It was a potion of curing.
You feel better. The bat hits you but does no damage. x2
The adder bites you but does no damage.
Jessica hits you with a +1 dagger of draining.
* * * LOW HITPOINT WARNING * * *
You feel drained.
* * * LOW HITPOINT WARNING * * *
The endoplasm hits you.
* * * LOW HITPOINT WARNING * * *
The bat hits you but does no damage. The adder barely misses you.
You sock the adder!
You kill the adder!
The bat hits you but does no damage.
Jessica points at you and mumbles some strange words.
You resist with some effort. The endoplasm freezes you.
You are frozen.
* * * LOW HITPOINT WARNING * * *
You have reached level 3!
Your experience leads to an increase in your attributes!
Your base attributes are Str 18, Int 9, Dex 9.
Increase (S)trength, (I)ntelligence, or (D)exterity?
You feel stronger. x2
Unknown command.
You hit Jessica.
Jessica is severely wounded.
Your transformation is almost over.
The bat hits you but does no damage. The endoplasm freezes you.
You are frozen.
You die...

#. .# ##.#.##
##.....##
)....>.## .
##.......##
..##.........##
......b.@......
#...♣.....##
##.J........
##.....###.
##....# ...#.#
.....# ####.##
.. ###


You could see Jessica, an endoplasm and a bat.

Vanquished Creatures
  An adder (D:2)
  3 bats (D:1)
  2 endoplasms (D:1)
  4 goblins (D:1)
  A hobgoblin (D:1)
  2 kobolds (D:1)
  2 quokkas (D:1)
  A frilled lizard (D:1)
  2 rats (D:1)
18 creatures vanquished.

Notes
Turn   | Place    | Note
-------+----------+-------------------------------------------
     0 | D:1      | blackman the Human Wanderer began the quest for the Orb.
     0 | D:1      | blackman set off with the following items: a +2
                  | quarterstaff, a potion of attraction, 13 poisoned darts, a
                  | +0 dagger, a potion of haste, a +0 leather armour.
     0 | D:1      | Reached XP level 1. HP: 15/15 MP: 2/2
     6 | D:1      | Noticed a wolf
     6 | D:1      | Noticed an iguana
     6 | D:1      | Noticed a swamp drake
     7 | D:1      | Noticed a swamp worm
   253 | D:1      | Reached skill level 1 in Maces & Flails
   260 | D:1      | Reached XP level 2. HP: 21/21 MP: 3/3
   817 | D:2      | Noticed Jessica
   823 | D:2      | Gained mutation: You occasionally shout uncontrollably at
                  | your foes. [potion of mutation]
   828 | D:2      | HP: 1/31 [frozen (5)]
   832 | D:2      | Reached XP level 3. HP: 4/24 MP: 4/4
   832 | D:2      | Frozen to death by an endoplasm

Illustrated notes

Levels and vault maps discovered:
D:1:      onia_arrival_zoo_common, layout_loops_ring, minmay_tromino_v2
D:2:      layout_loops_ring, basic_ecumenical_altar, basic_altar, uniq_jessica

Skill      XL: |  1  2 |
---------------+-------+-----
Maces & Flails | 1 2 |  2.7
Fighting       | |  1.0
Staves         | |  4.0
Throwing       | |  1.0
Unarmed Combat | |  3.0
Spellcasting   | |  1.0

Action                   || total
-------------------------++-------
Melee: Quarterstaff      ||    45
  Use: Potion            ||     6
Armor: Scale mail        ||    28
       Skin              ||    22
Dodge: Dodged            ||    19

Table legend: (Time is in decaauts)
 A = Elapsed time spent in this place.
 B = Non-inter-level travel time spent in this place.
 C = Inter-level travel time spent in this place.
 D = Time resting spent in this place.
 E = Time spent auto-exploring this place.
 F = Levels seen in this place.
 G = Mean time per level.
                   A        B        C        D        E       F      G
               +--------+--------+--------+--------+--------+-----+--------+
         Total |    834 |    760 |     74 |      0 |    632 |   2 |  417.0 |
       Dungeon |    834 |    760 |     74 |      0 |    632 |   2 |  417.0 |
               +--------+--------+--------+--------+--------+-----+--------+

Top non-repeatable levels by time:
     D:1: 820 daAuts
     D:2: 14 daAuts
